Map: Cyber Forest LE

Players

ShoWTimE

  • Race: Protoss Protoss
  • Spawn Location: 5:00

aLive - Winner!

  • Race: Terran Terran
  • Spawn Location: 11:00

Event: IEM Season 13: Katowice (2019)

VOD

Have the link to the VOD?

Description

Time

  • Played on: Feb. 25, 2019, 1:36 p.m.
  • Length: 7:32

All games in this series

Show
View Real Time Build Order
Export as new Build Order

ShoWTimE Protoss 

Build Orders: 1 Gate Expand, Oracle Opening 

Get SALT Encoding   

  12  0:00  Probe  
  13  0:13  Probe  
  14  0:17  Pylon  
  14  0:24  Probe  
  15  0:32  Probe  
  15  0:37  Gateway  
  15  0:40  Probe  
  16  0:45  Assimilator  
  17  0:51  Probe  
  18  1:03  Probe  
  19  1:15  Probe  
  20  1:24  Nexus  
  20  1:32  Cybernetics Core  
  20  1:35  Probe  
  21  1:40  Assimilator  
  21  1:47  Probe  
  21  1:51  Pylon  
  22  1:59  Adept, Probe  
  23  2:08  Warp Gate  
  23  2:11  Probe  
  26  2:20  Adept  
  26  2:22  Robotics Facility  
  26  2:23  Probe  
  29  2:32  Probe  
  29  2:36  Probe  
  31  2:40  Probe  
  31  2:48  Probe  
  31  2:49  Sentry  
  31  2:50  Probe  
  36  2:59  Immortal  
  36  3:00  Probe  
  36  3:02  Probe  
  38  3:10  Oracle  
  43  3:14  Gateway  
  43  3:22  Gateway  
  42  3:27  Pylon  
  42  3:28  Warp Prism  
  42  3:33  Probe  
  43  3:34  Probe  
  43  3:40  Pylon  
  46  3:45  Probe  
  46  3:46  Probe  
  48  3:57  Pylon  
  48  3:58  Probe x2  
  48  3:59  Sentry  
  52  4:04  Observer  
  53  4:10  Probe  
  53  4:11  Probe  
  55  4:25  Stalker x3  
  61  4:33  Twilight Council  
  61  4:36  Pylon  
  60  4:46  Blink  
  60  4:54  Zealot  
  60  5:00  Probe x2  
  54  5:11  Nexus  
  54  5:12  Probe  
  54  5:13  Probe  
  54  5:17  Adept x3  
  60  5:21  Forge  
  60  5:25  Probe x2, Assimilator  
  62  5:28  Assimilator  
  62  5:36  Pylon  
  62  5:37  Probe x2  
  62  5:42  Adept  
  65  5:50  Probe  
  65  6:00  Gateway  
  65  6:01  Gateway  
  65  6:02  Sentry x2  
  65  6:03  Immortal, Probe  
  65  6:04  Probe  
  71  6:06  Gateway x3  
  71  6:16  Probe x2  
  77  6:20  Pylon  
  77  6:27  Probe  
  77  6:28  Probe x2  
  80  6:36  Pylon  
  81  6:40  Probe x3, Stalker x3  
  88  6:54  Stalker  
  86  7:08  Stalker x2  
  87  7:20  Probe x2  
  89  7:25  Pylon  
Show
View Real Time Build Order
Export as new Build Order

aLive Terran - Winner!

Build Orders: Gas First Reaper Expand 

Get SALT Encoding   

  12  0:00  SCV  
  13  0:12  SCV  
  14  0:16  Supply Depot  
  14  0:24  SCV  
  15  0:28  Refinery  
  15  0:38  SCV  
  16  0:44  Barracks  
  16  0:50  SCV  
  17  1:02  SCV  
  18  1:14  SCV  
  19  1:31  Reaper, Orbital Command  
  20  1:46  Command Center  
  20  1:56  SCV  
  20  1:58  Factory  
  21  2:05  Barracks Reactor  
  21  2:08  SCV  
  21  2:11  Supply Depot  
  21  2:14  Refinery  
  22  2:20  SCV  
  23  2:33  SCV  
  24  2:41  Marine x2  
  24  2:42  Widow Mine  
  28  2:46  SCV  
  28  2:48  Starport  
  29  2:58  SCV  
  29  3:02  Marine x2  
  29  3:04  Orbital Command  
  32  3:07  Widow Mine  
  32  3:11  SCV  
  35  3:22  Marine x2  
  35  3:23  SCV  
  35  3:25  Starport Tech Lab  
  35  3:26  Barracks  
  38  3:29  Widow Mine  
  38  3:33  SCV  
  41  3:35  SCV  
  41  3:41  Supply Depot  
  42  3:44  Raven  
  42  3:45  SCV  
  42  3:47  SCV  
  46  3:59  Supply Depot  
  46  4:02  Marine x2  
  48  4:04  SCV x2  
  48  4:07  Factory Tech Lab  
  50  4:11  Barracks  
  50  4:12  Supply Depot  
  50  4:18  SCV x2  
  50  4:22  Marine x2  
  54  4:26  Supply Depot  
  54  4:28  Refinery  
  57  4:32  SCV x2  
  57  4:33  Starport Reactor  
  57  4:34  Stimpack, Marine  
  57  4:44  SCV  
  57  4:45  SCV  
  59  4:47  Siege Tank  
  60  4:56  SCV  
  60  4:57  SCV  
  59  5:06  Marine x2  
  49  5:07  Marine  
  49  5:09  SCV x2  
  50  5:16  Liberator  
  50  5:21  Engineering Bay, SCV x2  
  52  5:24  Marine  
  52  5:25  Medivac  
  52  5:27  Marine x2  
  57  5:29  Factory Reactor  
  57  5:33  SCV x2  
  62  5:40  Factory Reactor  
  62  5:42  Marauder  
  63  5:45  SCV x2  
  63  5:46  Marine x2  
  63  5:47  Marauder  
  69  5:51  Supply Depot x2  
  68  5:57  SCV x2  
  68  6:01  Combat Shield  
  68  6:03  Marauder  
  72  6:08  Marine x2  
  72  6:09  SCV x2  
  76  6:21  SCV  
  76  6:22  Marine  
  76  6:23  SCV  
  76  6:24  Marine  
  80  6:25  Marine  
  80  6:26  Marine  
  80  6:27  Refinery, Supply Depot  
  82  6:33  SCV  
  82  6:37  Command Center, Widow Mine x2  
  85  6:43  Medivac x2  
  89  6:50  Barracks  
  89  6:56  Barracks  
  89  7:02  Widow Mine x2  
  89  7:03  SCV x2  
  89  7:07  Marine  
  89  7:08  Marauder x2, Marine  
  98  7:15  SCV x2  

Tags
 
Add a new tag
Caveats
  • Supply blocks, unpowered buildings, or Contaminate may cause inaccurate times.
  • Supply counts are checked every 10 seconds.